 Dungeon Crawl Stone Soup version 0.22-a0-348-gd16d1391c7 (webtiles) character file.

18 GordonOverkill the Vexing (level 2, -2/25 HPs)
             Began as a Hill Orc Enchanter on Apr 9, 2018.
             Slain by a hobgoblin
             ... wielding a +0 club
              (3 damage)
             ... on level 1 of the Dungeon.
             The game lasted 00:02:11 (1041 turns).

GordonOverkill the Vexing (Hill Orc Enchanter)      Turns: 1041, Time: 00:02:11

Health: -2/25      AC:  1    Str: 10    XL:     2   Next: 66%
Magic:  0/4        EV: 12    Int: 15    God:
Gold:   16         SH:  0    Dex: 11    Spells: 3/4 levels left

rFire    . . .     SeeInvis .   a - +1 dagger
rCold    . . .     Gourm    .   (no shield)
rNeg     . . .     Faith    .   f - -1 robe (curse)
rPois    .         Spirit   .   (no helmet)
rElec    .         Reflect  .   (no cloak)
rCorr    .         Harm     .   (no gloves)
MR       .....                  (no boots)
Stlth    ++........             (no amulet)
HPRegen  0.08/turn              (no ring)
MPRegen  0.09/turn              (no ring)

@: no status effects
A: no striking features
a: no special abilities


You were on level 1 of the Dungeon.
You were not hungry.

You visited 1 branch of the dungeon, and saw 1 of its levels.

You collected 16 gold pieces.

Inventory:

Hand Weapons
 a - a +1 dagger (weapon)
 i - a cursed -3 hunting sling
Armour
 f - a cursed -1 robe (worn)
 j - a +0 leather armour
 k - a +1 chain mail
Scrolls
 e - a scroll of enchant armour
 g - a scroll of blinking
 h - a scroll of identify {unknown}
Potions
 c - a potion of curing {unknown}
Comestibles
 b - a chunk of flesh
 d - 2 rations


   Skills:
 + Level 2.7 Fighting
 - Level 1.0 Short Blades
 - Level 1.5 Dodging
 - Level 2.4 Stealth
 - Level 1.5 Spellcasting
 - Level 3.0 Hexes


You had 3 spell levels left.
You knew the following spells:

 Your Spells              Type           Power        Failure   Level  Hunger
a - Corona                Hex            ##.....      7%          1    ##.....


Dungeon Overview and Level Annotations

Branches:
Dungeon (1/15)

Altars:


Message History

The hobgoblin is almost dead.
The hobgoblin stops glowing.
The hobgoblin closely misses you.
Casting: Corona (safe; 7% risk of failure)
Confirm with . or Enter, or press ? or * to list all spells.
Aiming: Corona (safe; 7% risk of failure)
Press: ? - help, Shift-Dir - straight line, f/p - hobgoblin
Aim: a hobgoblin, wielding a club (almost dead, chance to defeat MR: 63%)
The hobgoblin struggles to resist.
Casting: Corona (safe; 7% risk of failure)
Confirm with . or Enter, or press ? or * to list all spells.
You don't have enough magic to cast that spell.
Unknown command.
You hit the hobgoblin but do no damage.
The hobgoblin is almost dead.
The hobgoblin hits you with a club.
* * * LOW HITPOINT WARNING * * *
You hit the hobgoblin but do no damage.
The hobgoblin is almost dead.
The hobgoblin hits you with a club.
You die...

*,,,,,,..,,,...# *,,,,,,,* *
*,****##.#**#..*****,,,,,,,*
* *,*
*,.....,#..,,,,,,,,,,,,* *
*,* *,.....,#.#*****,,,,.,,*
* *,***,......#.# *,,...,,* *
*,,,,,......#.######.....,,*
*
*,,,,,.......h..h........,,*
*
*,,,,,....!.#g#######.###,**
* *,,,,*##.####@#######,* *,*
* *,,,,* #,* #........#,* *,*
* ********,**#........#,* *,*
*
*,,,,,,,,,#........#,***,****
*,,,,,,,,,#........#,,,,,,,,,
*,,,,,,,,,#........#,,,,,,,,,
*,,,,,,,,,#........#,,,,,,,,,
****,,,,..#........#,,,,,,,,,
*,,,............#,,,,,,,,,


You could see a jackal and a hobgoblin.

Vanquished Creatures
  3 bats (D:1)
  3 goblins (D:1)
  3 hobgoblins (D:1)
  2 jackals (D:1)
  3 kobolds (D:1)
14 creatures vanquished.

Notes
Turn   | Place    | Note
-------+----------+-------------------------------------------
     0 | D:1      | GordonOverkill the Hill Orc Enchanter began the quest for the Orb.
     0 | D:1      | Reached XP level 1. HP: 14/14 MP: 3/3
    40 | D:1      | Reached skill level 1 in Fighting
   520 | D:1      | Reached XP level 2. HP: 24/24 MP: 4/4
  1040 | D:1      | HP: 1/25 [hobgoblin/club (5)]
  1041 | D:1      | Slain by a hobgoblin

Vault maps used:
D:1:      minmay_arrival_five_plusses

Skill      XL: |  1 |
---------------+----+-----
Fighting       | 2 |  2.7
Short Blades   | |  1.0
Dodging        | |  1.5
Stealth        | |  2.4
Spellcasting   | |  1.5
Hexes          | |  3.0

Action                   || total
-------------------------++-------
Melee: Dagger            ||    67
 Cast: Corona            ||    15
  Use: Scroll            ||     3
 Stab: Sleeping          ||     1
  Eat: Chunk             ||     1
Armor: Leather armour    ||    19
       Robe              ||     3
Dodge: Dodged            ||    40

Table legend:
 A = Spawn XP
 B = Non-spawn XP
 C = Spawn XP percentage of total XP
 D = Spawn monster count
 E = Non-spawn monster count
 F = Spawn count percentage of total count
 G = Total turns spent on level
                    A         B        C        D         E        F      G
               +---------+---------+-------+---------+---------+-------+---------
         Total |       0 |      26 |   0.0 |       0 |      14 |   0.0 |  1041
               +---------+---------+-------+---------+---------+-------+---------
           D:1 |       0 |      26 |   0.0 |       0 |      14 |   0.0 |  1041
               +---------+---------+-------+---------+---------+-------+---------
